 Dungeon Crawl Stone Soup version 0.27.0-1-g7a089689b8 (webtiles) character file.

Game seed: 7219061258003826389

116 shakesphere1979 the Poker (level 5, -1/42 HPs)
             Began as a Merfolk Chaos Knight on Aug 2, 2021.
             Was a Plaything of Xom.
             Slain by a sixfirhy (7 damage)
             ... summoned by Xom
             ... on level 3 of the Dungeon.
             The game lasted 00:09:41 (2137 turns).

shakesphere1979 the Poker (Merfolk Chaos Knight)    Turns: 2137, Time: 00:09:59

Health: -1/42      AC:  7    Str: 13    XL:     5   Next: 0%
Magic:  5/5        EV: 13    Int:  9    God:    Xom [......]
Gold:   194        SH:  0    Dex: 14    Spells: 4/4 levels left

rFire    . . .     SeeInvis +   a - +0 spear (chaos)
rCold    . . .     Faith    .   (no shield)
rNeg     . . .     Spirit   .   b - +2 leather armour
rPois    .         Reflect  .   (no helmet)
rElec    .         Harm     .   f - +1 cloak
rCorr    .         Rampage  .   (no gloves)
Will     .....                  (no boots)
Stlth    ++........             (no amulet)
HPRegen  0.14/turn              i - ring of see invisible
MPRegen  0.09/turn              (no ring)

@: no status effects
A: (nimble swimmer 2), mertail, dopey 1
a: Renounce Religion


You were on level 3 of the Dungeon.
You worshipped Xom.
You were a very special plaything of Xom.
You visited 1 branch of the dungeon, and saw 3 of its levels.

You collected 194 gold pieces.

Inventory:

Hand Weapons
 a - a +0 spear of chaos (weapon)
 g - a +0 hunting sling
Missiles
 m - 3 boomerangs (quivered)
 p - 17 sling bullets
 q - 2 throwing nets
 r - 15 poisoned darts
Armour
 b - a +2 leather armour (worn)
 f - a +1 cloak (worn)
Jewellery
 i - a ring of see invisible (left hand)
Scrolls
 c - a scroll of vulnerability {unknown}
 d - a scroll of identify {unknown}
 h - 2 scrolls of blinking {unknown}
 j - 2 scrolls of immolation {unknown}
 n - a scroll of enchant armour {unknown}
Potions
 e - a potion of ambrosia {unknown}
 k - a potion of curing {unknown}
 l - a potion of heal wounds {unknown}
 o - 2 potions of brilliance {unknown}
 s - 2 potions of lignification {unknown}
 t - a potion of degeneration {unknown}


   Skills:
 + Level 4.0 Fighting
 - Level 4.5 Polearms
 + Level 1.6 Armour
 + Level 4.1 Dodging
 + Level 2.3 Stealth


You had 4 spell levels left.
You didn't know any spells.
Your spell library contained the following spells:

 Spells                   Type           Power      Damage    Failure   Level
 Frozen Ramparts          Ice            0%         1d2       83%         3
 Stone Arrow              Conj/Erth      0%         3d7       83%         3
 Animate Armour           Summ/Erth      0%         N/A       99%         4
 Ice Form                 Ice/Tmut       0%         N/A       99%         4
 Summon Ice Beast         Ice/Summ       0%         N/A       99%         4
 Lehudib's Crystal Spear  Conj/Erth      0%         10d2      100%        8


Dungeon Overview and Level Annotations

Branches:
Dungeon (3/15)

Altars:
Xom


Innate Abilities, Weirdness & Mutations

((You are quick and stealthy near water. (Stealth+, EV+, Speed+++)))
Your lower body shifts to a powerful aquatic tail in water.
You are dopey. (Int -2)


Message History

The gnoll sergeant is severely wounded.
You reach to attack!
You hit the gnoll sergeant. You freeze the gnoll sergeant.
The gnoll sergeant is almost dead.
The gnoll sergeant hits you from afar with a +0 spear.
You reach to attack!
You hit the gnoll sergeant but do no damage.
The gnoll sergeant is almost dead.
The gnoll sergeant hits you from afar with a +0 spear.
You are too injured to fight recklessly!
The gnoll sergeant hits you with a +0 spear!
* * * LOW HITPOINT WARNING * * *
The gnoll closely misses you.
You hit the gnoll sergeant but do no damage.
The gnoll sergeant is almost dead.
The gnoll sergeant hits you but does no damage.
The gnoll hits you but does no damage.
You hit the gnoll sergeant but do no damage.
The gnoll sergeant is almost dead. "Fight to survive, mortal."
The gnoll sergeant hits you with a +0 spear.
* * * LOW HITPOINT WARNING * * *
The gnoll misses you.
You barely miss the gnoll sergeant.
The gnoll sergeant is almost dead.
The gnoll sergeant barely misses you.
You hit the gnoll sergeant but do no damage.
The gnoll sergeant is poisoned.
The gnoll sergeant is almost dead.
The gnoll barely misses you.
The gnoll sergeant hits you with a +0 spear.
* * * LOW HITPOINT WARNING * * *
The gnoll sergeant blocks your attack.
The gnoll sergeant is almost dead.
The gnoll hits you from afar with a +2 spear of flaming.
* * * LOW HITPOINT WARNING * * *
The gnoll burns you.
* * * LOW HITPOINT WARNING * * *
The sixfirhy hits you!
You die...
Xom bursts into laughter!

#.# #.# ##.......###.##).###.#
###.###.####.........##.#...###.#
...........'.........'..........#
#.#.(...#.##.........####...#####
#<#.#..##.###.......##.......#
#.#...###.# ##.....###.###...#
#.##.## #.# ##...## #.# #.#.#
#.##.# #.# ##3## #.# #.#.# #.....
..# #@# #.###.#.# ### .# ### #g#
###.......# ##g###.#####.###
##gg.#.#.## #.#
#####.....###.###.#
....!....#...#....#
#####.#.#.###.##### #.....# #.#
###.#.# #.#


You could see a sixfirhy (summoned), a gnoll sergeant (very poisoned) and 3
gnolls.

Vanquished Creatures
  A bullfrog skeleton (D:3)
  3 adders (D:2)
  A worm (D:2)
  3 dart slugs (D:1)
  An orc (D:3)
  2 ball pythons (D:1)
  5 bats
  5 endoplasms (D:1)
  3 giant cockroaches
  6 goblins
  2 hobgoblins
  4 jackals (D:1)
  A frilled lizard (D:2)
  5 kobolds
  5 rats
47 creatures vanquished.

Vanquished Creatures (collateral kills)
  A bat (D:3)
1 creature vanquished.

Grand Total: 48 creatures vanquished

Notes
Turn   | Place    | Note
-------+----------+-------------------------------------------
     0 | D:1      | shakesphere1979 the Merfolk Chaos Knight began the quest
                  | for the Orb.
     0 | D:1      | Reached XP level 1. HP: 18/18 MP: 1/1
   148 | D:1      | XOM: potion effect (might)
   221 | D:1      | Reached XP level 2. HP: 24/24 MP: 2/2
   255 | D:1      | XOM: divination: detect items
   318 | D:1      | XOM: scenery: create altars
   355 | D:1      | XOM: scenery: summon butterflies
   429 | D:1      | Reached skill level 1 in Armour
   441 | D:1      | Reached skill level 1 in Stealth
   558 | D:1      | Reached XP level 3. HP: 29/29 MP: 3/3
   849 | D:1      | XOM: scenery: summon butterflies
  1250 | D:2      | XOM: scenery: create altars
  1344 | D:2      | XOM: enchant monster (bad)
  1359 | D:2      | Reached XP level 4. HP: 33/37 MP: 4/4
  1644 | D:2      | XOM: enchant monster (bad)
  1650 | D:2      | XOM: give mutations
  1650 | D:2      | Gained mutation: You are dopey. (Int -2) [Xom's mischief]
  1792 | D:3      | XOM: 1-stop teleportation journey
  1872 | D:3      | XOM: cloud trail
  1946 | D:3      | XOM: confuse monster(s)
  2041 | D:3      | Reached XP level 5. HP: 42/42 MP: 5/5
  2112 | D:3      | XOM: confuse monster(s)
  2134 | D:3      | XOM: summons 1 hostile demon
  2135 | D:3      | Noticed a sixfirhy
  2137 | D:3      | Slain by a sixfirhy

Illustrated notes

Levels and vault maps discovered:
D:1:      minmay_arrival_pointy, layout_basic
D:2:      layout_rooms, kennysheep_cluttered_room
D:3:      minmay_door_path, layout_loops_corners, fiery_altar_vehumet,
          chequers_ecumenical_altar_simple, supply_closet_lemuel

Skill      XL: |  1  2  3  4 |
---------------+-------------+-----
Dodging        | 3 4 |  4.1
Armour         | 1 |  1.6
Stealth        | 1 2 |  2.3
Fighting       | 4 |  4.0
Polearms       | |  4.5

Action                   |  1- 3 |  4- 6 || total
-------------------------+-------+-------++-------
Melee: Spear             |   108 |    79 ||   187
 Stab: Sleeping          |     3 |     4 ||     7
       Paralysed         |       |     1 ||     1
Armor: Leather armour    |    26 |    18 ||    44
Dodge: Dodged            |    47 |    31 ||    78
